 Seeded DCSS version 0.29.1-12-g30fa7ad0bf (webtiles) character file.

Game seed: 2986123337982711838 (custom seed)

35 GigaChad the Shield-Bearer (level 3, -3/33 HPs)
             Began as a Minotaur Fighter on Jan 15, 2023.
             Slain by Terence
             ... wielding a +0 flail
              (5 damage)
             ... on level 2 of the Dungeon.
             The game lasted 00:02:18 (945 turns).

GigaChad the Shield-Bearer (Minotaur Fighter)        Turns: 945, Time: 00:02:18

Health: -3/33      AC:  9    Str: 22    XL:     3   Next: 16%
Magic:  2/2        EV:  7    Int:  5    God:
Gold:   55         SH:  4    Dex:  9    Spells: 2/2 levels left

rFire   . . .      SeeInvis .   a - +1 war axe
rCold   . . .      Faith    .   c - +0 buckler
rNeg    . . .      Spirit   .   h - +0 chain mail
rPois   .          Reflect  .   (helmet restricted)
rElec   .          Harm     .   (no cloak)
rCorr   .          Rampage  .   (no gloves)
Will    .....                   (no boots)
Stlth   ..........              (no amulet)
HPRegen 0.11/turn               (no ring)
MPRegen 0.08/turn               (no ring)

@: no status effects
A: horns 2, retaliatory headbutt
a: no special abilities


You were on level 2 of the Dungeon.
You visited 1 branch of the dungeon, and saw 2 of its levels.

You collected 55 gold pieces.

Inventory:

Hand Weapons
 a - a +1 war axe (weapon)
Missiles
 g - 2 throwing nets (quivered)
Armour
 b - a +0 scale mail
 c - a +0 buckler (worn)
 h - a +0 chain mail (worn)
Scrolls
 f - a scroll of identify
Potions
 d - a potion of might
 e - 3 potions of ambrosia
 i - a potion of curing {unknown}


   Skills:
 + Level 4.0 Fighting
 + Level 3.0 Axes
 + Level 4.1 Armour
 + Level 4.1 Shields


You had 2 spell levels left.
You didn't know any spells.
Your spell library contained the following spells:

 Spells                   Type           Power      Damage    Failure   Level
 Summon Small Mammal      Summ           0%         N/A       99%         1
 Sublimation of Blood     Necr           0%         N/A       100%        2
 Wereblood                Tmut           0%         N/A       100%        2
 Call Canine Familiar     Summ           0%         N/A       100%        3
 Summon Guardian Golem    Hex/Summ       0%         N/A       100%        3
 Summon Hydra             Summ           0%         N/A       100%        7


Dungeon Overview and Level Annotations

Branches:
Dungeon (2/15)

Altars:

Shops:
D:1 (

Annotations:
D:2 Terence


Innate Abilities, Weirdness & Mutations

You have a pair of horns on your head.
You reflexively headbutt those who attack you in melee.


Message History

You slash the endoplasm!
You kill the endoplasm!
Terence the Incautious comes into view.
He is wielding a +0 flail.
Terence shouts!
A hobgoblin comes into view.
The hobgoblin shouts!
Terence hits you with a +0 flail. The hobgoblin closely misses you.
You furiously retaliate!
You headbutt the hobgoblin. You slash the hobgoblin!
You kill the hobgoblin!
You closely miss Terence. Terence barely misses you.
You block Terence's attack.
Your Axes skill increases to level 3!
You barely miss Terence. Terence hits you with a +0 flail.
You hit Terence but do no damage. Your headbutt misses Terence.
Terence closely misses you. Terence hits you with a +0 flail!
You hit Terence.
Terence is moderately wounded.
Terence hits you with a +0 flail.
You barely miss Terence.
Terence is moderately wounded.
Terence hits you with a +0 flail.
* * * LOW HITPOINT WARNING * * *
You hit Terence.
Terence is heavily wounded.
Terence barely misses you. Terence says, "Did you write a will?
You should..."
Terence hits you with a +0 flail.
* * * LOW HITPOINT WARNING * * *
You slash Terence!
Terence is almost dead.
Terence hits you with a +0 flail.
* * * LOW HITPOINT WARNING * * *
You closely miss Terence.
Terence is almost dead.
Terence hits you but does no damage.
You barely miss Terence.
Terence is almost dead.
You block Terence's attack. Terence hits you with a +0 flail.
You die...

#....#### #####
#######........
#..............
#..............
#..............
#..............
#######........
#@.......
#@.......
#........
#........
#........
####.#### .# .#


You could see Terence.

Vanquished Creatures
  An adder (D:2)
  A dart slug (D:1)
  2 ball pythons (D:1)
  3 endoplasms
  3 giant cockroaches (D:1)
  2 hobgoblins
  2 kobolds (D:1)
  A quokka (D:2)
  2 frilled lizards (D:1)
  2 goblins
  3 rats (D:1)
22 creatures vanquished.

Vanquished Creatures (others)
  A withered plant (D:1)
1 creature vanquished.

Grand Total: 23 creatures vanquished

Notes
Turn   | Place    | Note
-------+----------+-------------------------------------------
     0 | D:1      | GigaChad the Minotaur Fighter began the quest for the Orb.
     0 | D:1      | Reached XP level 1. HP: 19/19 MP: 0/0
    62 | D:1      | Found Ugiduam's Antique Weapon Emporium.
   225 | D:1      | Reached XP level 2. HP: 23/27 MP: 1/1
   301 | D:1      | Found a faded altar of an unknown god.
   856 | D:2      | Reached XP level 3. HP: 31/33 MP: 2/2
   927 | D:2      | Noticed Terence
   945 | D:2      | Slain by Terence

Illustrated notes

Levels and vault maps discovered:
D:1:      evilmike_arrival_rings, layout_basic,
          shapermc_ecumenical_altar_flowoftime, serial_shops,
          nicolae_shop_overgrown_old_shop
D:2:      layout_basic, uniq_terence

Skill      XL: |  1  2  3 |
---------------+----------+-----
Fighting       | 4 |  4.0
Shields        | 4 |  4.1
Armour         | 4 |  4.1
Axes           | 3 |  3.0

Action                   || total
-------------------------++-------
Melee: War axe           ||    56
       Headbutt          ||     5
  Use: Scroll            ||     4
Armor: Scale mail        ||    17
       Chain mail        ||     7
Dodge: Dodged            ||    25
Block: Buckler           ||    13
